 Dungeon Sprint DCSS version 0.29-a0-330-g52719c12eb (webtiles) character file.

Game seed: 10529542291618468479

10 jt the Cutter (level 2, -10/24 HPs)
             Began as a Vine Stalker Berserker on Apr 27, 2022.
             Was a Believer of Trog.
             Mangled by a merfolk siren
             ... wielding a +0 trident
              (12 damage)
             ... in the Dungeon (Sprint II: "The Violet Keep of Menkaure").
             The game lasted 00:00:24 (92 turns).

jt the Cutter (Vine Stalker Berserker)                Turns: 92, Time: 00:00:25

Health: -10/24     AC:  2    Str: 19    XL:     2   Next: 20%
Magic:  0/3        EV: 12    Int:  7    God:    Trog [**....]
Gold:   243        SH:  0    Dex: 13    Spells: 1/1 levels left

rFire   . . .      SeeInvis .   a - +0 short sword
rCold   . . .      Faith    .   (no shield)
rNeg    . . .      Spirit   +   b - +0 animal skin
rPois   .          Reflect  .   (no helmet)
rElec   .          Harm     .   (no cloak)
rCorr   .          Rampage  .   (no gloves)
Will    .....      NoTele   +   (no boots)
Stlth   ..........              (no amulet)
HPRegen 0.08/turn               (no ring)
MPRegen 0.08/turn               (no ring)

@: berserking (expiring), very quick
A: fangs 2, magic shield, antimagic bite, no potion heal 2
a: Renounce Religion, Berserk, Trog's Hand


You were in the Dungeon.
You worshipped Trog.
Trog was pleased with you.
You visited 1 branch You collected 243 gold pieces.

Inventory:

Hand Weapons
 a - a +0 short sword (weapon)
Armour
 b - a +0 animal skin (worn)
Scrolls
 g - a scroll of blinking
Potions
 c - a potion of curing
 d - a potion of haste
 e - 2 potions of magic
 f - a potion of berserk rage


   Skills:
 - Level 2.6 Fighting
 + Level 4.8 Short Blades
 - Level 1.5 Armour
 - Level 1.5 Dodging


You had one spell level left.
You didn't know any spells.
Your spell library was empty.

Dungeon Overview and Level Annotations

Branches:
Dungeon (1/1)

Altars:


Innate Abilities, Weirdness & Mutations

You have extremely sharp teeth.
When hurt, damage is shared between your health and your magic reserves.
Your bite disrupts and absorbs the magic of your enemies.
Potions cannot restore your health.


Message History

You hit the worm but do no damage. You bite the worm.
You kill the worm!
Trog accepts your kill.
You can now call upon Trog for regeneration and willpower.
There is an open door here.
You enter the shallow water.
Moving in this stuff is going to be slow.
There is an open door here.
There is an open door here.
You open the door.
A merfolk siren comes into view. It is wielding a +0 trident.
Found 243 gold pieces.
A red film seems to cover your vision as you go berserk!
You feel yourself moving faster!
You feel mighty!
The merfolk siren hits you from afar with a +0 trident.
You feel a strong urge to attack something.
The merfolk siren hits you with a +0 trident!
Ouch! That really hurt!
* * * LOW HITPOINT WARNING * * *
There is an open door, spattered with blood here.
You hit the merfolk siren. Your bite misses the merfolk siren.
The merfolk siren is lightly wounded.
The merfolk siren closely misses you.
You puncture the merfolk siren! Your bite misses the merfolk siren.
The merfolk siren is moderately wounded.
You puncture the merfolk siren!
You bite the merfolk siren, but do no damage.
The merfolk siren is heavily wounded.
The merfolk siren hits you with a +0 trident.
* * * LOW HITPOINT WARNING * * *
You closely miss the merfolk siren.
The merfolk siren is heavily wounded.
The merfolk siren closely misses you.
You closely miss the merfolk siren.
The merfolk siren is heavily wounded.
You puncture the merfolk siren!
The merfolk siren is severely wounded.
The merfolk siren hits you with a +0 trident!
Ouch! That really hurt!
You die...

## ##.# #+#
#...##.##
#m@.<.+
#...##.##
##.###'#
####†.###
#..##†# ≈ #
##.#.# §§≈
#≈≈##'##≈≈≈≈≈
#≈≈≈≈≈≈≈≈≈≈§
#+++#+++#≈≈≈


You could see a merfolk siren.

Vanquished Creatures
  3 worms (D)
3 creatures vanquished.

Notes
Turn   | Place    | Note
-------+----------+-------------------------------------------
     0 | D        | jt the Vine Stalker Berserker began the quest for the Orb.
     0 | D        | Reached XP level 1. HP: 11/11 MP: 2/2
     9 | D        | Reached skill level 3 in Short Blades
    10 | D        | Reached skill level 4 in Short Blades
    10 | D        | Reached XP level 2. HP: 16/16 MP: 3/3
    63 | D        | Noticed an electric eel
    64 | D        | Noticed an electric eel
    64 | D        | Noticed an electric eel
    64 | D        | Noticed an electric eel
    74 | D        | Reached ** piety under Trog
    76 | D        | Noticed an electric eel
    76 | D        | Noticed an electric eel
    76 | D        | Noticed an electric eel
    84 | D        | Noticed a merfolk siren
    92 | D        | Mangled by a merfolk siren

Illustrated notes

Levels and vault maps discovered:
D:        the_violet_keep_of_menkaure [sprint2_stairs_cluster_1,
          sprint2_shoproom, sprint2_temple, sprint2_basic_supplies,
          sprint2_obstacle_7, sprint2_obstacle_1, sprint2_obstacle_5,
          sprint2_obstacle_4, sprint2_obstacle_6, sprint2_timed_cluster_1,
          sprint2_smallroom_cluster_1, sprint2_smallroom_final_cluster_1,
          sprint2_transparent_cluster_1, sprint2_second_timed_cluster_1,
          sprint2_sniper_area_1, sprint2_heavy_combat_area_1,
          sprint2_mutation_trap_area_1, sprint2_forest_area_1,
          sprint2_light_combat_area_1, sprint2_behind_water_1,
          sprint2_near_end_vault_1]

Skill      XL: |  1 |
---------------+----+-----
Short Blades   | 4 |  4.8
Fighting       | |  2.6
Armour         | |  1.5
Dodging        | |  1.5

Action                   || total
-------------------------++-------
Melee: Short sword       ||    19
       Bite              ||     7
       Punch             ||     1
Invok: Berserk           ||     2
 Stab: Sleeping          ||     1
Armor: Animal skin       ||     1
Dodge: Dodged            ||     5

Table legend: (Time is in decaauts)
 A = Elapsed time spent in this place.
 B = Non-inter-level travel time spent in this place.
 C = Inter-level travel time spent in this place.
 D = Time resting spent in this place.
 E = Time spent auto-exploring this place.
 F = Levels seen in this place.
 G = Mean time per level.
                   A        B        C        D        E       F      G
               +--------+--------+--------+--------+--------+-----+--------+
         Total |    101 |    101 |      0 |     56 |      0 |   1 |  101.0 |
       Dungeon |    101 |    101 |      0 |     56 |      0 |   1 |  101.0 |
               +--------+--------+--------+--------+--------+-----+--------+

Top non-repeatable levels by time:
       D: 101 daAuts
